 Dungeon Sprint DCSS version 0.17-a0-1485-g22cb0ee (webtiles) character file.

10900000 nuthulu the Axe Maniac (level 27, -96/296 (298) HPs)
             Began as a Deep Dwarf Gladiator on July 5, 2015.
             Was the Champion of Makhleb.
             Killed from afar by The Defiler (143 damage)
             ... with a fireball
             ... in the Dungeon (Sprint VIII: "Arena of Blood").
             The game lasted 00:05:12 (109 turns).

nuthulu the Axe Maniac (Deep Dwarf Gladiator)        Turns: 109, Time: 00:05:13

HP:   -96/296 (298) AC:  8    Str: 28    XL:     27
MP:   40/54         EV: 32    Int: 10    God:    Makhleb [******]
Gold: 0             SH:  0    Dex: 16    Spells: 0 memorised, 80 levels left

rFire  . . .     SeeInvis .     m - +∞ Axe of Woe
rCold  . . .     Clarity  .     b - +0 leather armour
rNeg   + . .     SustAt   .     (no shield)
rPois  .         Gourm    .     c - +0 helmet
rElec  .         Spirit   .     (no cloak)
rCorr  .         Warding  .     (no gloves)
rMut   .         NoTele   +     (no boots)
MR     ++++.                    (no amulet)
Stlth  +++++++++.               (no ring)
                                (no ring)

@: lethally poisoned (-96 -> -126), non-regenerating, incredibly resistant to
hostile enchantments, incredibly stealthy
A: damage resistance, recharge devices, negative energy resistance 1, sense
surroundings 3, slow healing 3
a: Device Recharging, Minor Destruction, Lesser Servant of Makhleb, Major
Destruction, Greater Servant of Makhleb, Renounce Religion


You were in the Dungeon.
You worshipped Makhleb.
Makhleb was exalted by your worship.
You were not hungry.

You visited 1 branch

Inventory:

Hand weapons
 a - a +0 war axe
 m - the +∞ Axe of Woe (weapon)
   (You found it in the Dungeon)
Missiles
 d - 3 throwing nets (quivered)
Armour
 b - a +0 leather armour (worn)
 c - a +0 helmet (worn)
Magical devices
 e - a wand of heal wounds (5)
Scrolls
 l - a scroll of blinking
Potions
 g - a potion of curing
 h - a potion of heal wounds
 i - a potion of haste
 j - 2 potions of magic
 k - a potion of berserk rage
Comestibles
 f - a bread ration


   Skills:
 O Level 27 Fighting
 O Level 27 Axes
 O Level 27 Throwing
 O Level 27 Armour
 O Level 27 Dodging
 O Level 27 Stealth
 O Level 27 Unarmed Combat
 O Level 27 Spellcasting
 O Level 27 Invocations
 O Level 27 Evocations


You had 80 spell levels left.
You didn't know any spells.

Dungeon Overview and Level Annotations

Branches:
Dungeon (1/1)

Altars:
Makhleb

Annotations:
D The Defiler


Innate Abilities, Weirdness & Mutations

You are resistant to damage.
You can recharge devices by infusing magical energy.
You resist negative energy.
You passively map a large area around you.
You do not heal naturally.


Message History

You dissect the eight-headed meat hydra like a pig carcass.
You kill the eight-headed meat hydra!
Makhleb accepts your kill.
You are engulfed in poison gas.
You are more poisoned.
You feel very sick.
You hear a shout! x4
You are engulfed in poison gas.
You are more poisoned.
You feel very sick.
You hear a shout! x4
The dread throws hellfire at you.
The hellfire explodes!
The burst of hellfire engulfs you!
* * * LOW HITPOINT WARNING * * *
The accursed casts a spell at you. Something smites you!
* * * LOW HITPOINT WARNING * * *
You hear a shout! x6
The Defiler is engulfed in poison gas.
The Defiler is poisoned.
The Defiler throws fire at you.
The fireball explodes!
The fireball engulfs you!
You die...

, ,* , , ,, , ,
,, , ,, , , , ,
,,, .. , .. ,, ,
* .. .., , , *
#. .# , , , , ,
#.. ..# , ,, , ,
,o###%., ,..###.
,, , ,
...M..###...W..,
, * ,,
.....@§@§......
,, ,, ,, *,
....#§§§§.#....,
* ,, , , ,.
#_§§%_# . , , ,,
*, ,, ,,#.....#
*, ....._..%.. ,
,,
......###......
,, ,, o###..
.%###. , , , ,
,, , #.., ..# ,
, , , , ,, #..
..#, , ,,


You could see an accursed, The Defiler, a dread and a bag of meat (wandering).

Vanquished Creatures
  Sigmund (D)
  A hell beast (D)
  4 greater mummies (D)
  A great orb of eyes (D)
  13 vampire knights (D)
  23 ogres (D)
  A lich (D)
  3 hydras (D)
  31 orcs (D)
  3 phantoms (D)
  2 hill giants (D)
  2 skeletal warriors (D)
  3 large abominations (D)
  A small abomination (D)
  3 crawling corpses (D)
92 creatures vanquished.

Vanquished Creatures (others)
  3 crawling corpses (D)
3 creatures vanquished.

Grand Total: 95 creatures vanquished

Notes
Turn   | Place    | Note
--------------------------------------------------------------
     0 | D        | nuthulu the Deep Dwarf Gladiator began the quest for the Orb.
     0 | D        | Reached XP level 1. HP: 19/19 MP: 1/1
     3 | D        | Noticed a bag of meat
     4 | D        | Noticed a bag of meat
     5 | D        | Became a worshipper of Makhleb the Destroyer
    10 | D        | Noticed a bag of meat
    10 | D        | Noticed a meat berserker
    10 | D        | Killed a bag of meat
    10 | D        | Reached skill level 9 in Fighting
    10 | D        | Reached skill level 19 in Axes
    10 | D        | Reached XP level 2. HP: 24/42 MP: 2/2
    10 | D        | Reached XP level 3. HP: 28/49 MP: 3/3
    10 | D        | Reached XP level 4. HP: 32/56 MP: 4/4
    10 | D        | Reached XP level 5. HP: 36/63 MP: 5/5
    10 | D        | Reached XP level 6. HP: 41/72 MP: 6/6
    10 | D        | Reached XP level 7. HP: 44/78 MP: 7/7
    10 | D        | Reached XP level 8. HP: 48/86 MP: 8/8
    10 | D        | Gained mutation: You passively map the area around you. [Deep Dwarf growth]
    10 | D        | Reached XP level 9. HP: 51/93 MP: 9/9
    10 | D        | Reached XP level 10. HP: 55/102 MP: 10/10
    10 | D        | Reached XP level 11. HP: 58/108 MP: 11/11
    11 | D        | Noticed a bag of meat
    11 | D        | Noticed a meat berserker
    11 | D        | Killed a meat berserker
    11 | D        | Acquired Makhleb's first power
    11 | D        | Reached skill level 23 in Axes
    11 | D        | Reached XP level 12. HP: 62/123 MP: 12/12
    11 | D        | Reached XP level 13. HP: 65/130 MP: 13/13
    12 | D        | Noticed a bag of meat
    12 | D        | Noticed a bag of meat
    13 | D        | Noticed a meat berserker
    13 | D        | Killed a meat berserker
    13 | D        | Reached skill level 26 in Axes
    13 | D        | Gained mutation: You resist negative energy. [Deep Dwarf growth]
    13 | D        | Reached XP level 14. HP: 69/144 MP: 14/14
    13 | D        | Killed a bag of meat
    13 | D        | Acquired Makhleb's second power
    13 | D        | Reached skill level 27 in Axes
    13 | D        | Reached XP level 15. HP: 72/152 MP: 15/15
    14 | D        | Noticed a bag of meat
    15 | D        | Noticed a bag of meat
    15 | D        | Killed a bag of meat
    15 | D        | Reached skill level 15 in Throwing
    15 | D        | Reached skill level 27 in Dodging
    17 | D        | Noticed a meat berserker
    17 | D        | Killed a meat berserker
    17 | D        | Acquired Makhleb's third power
    17 | D        | Reached XP level 16. HP: 169/182 MP: 16/16
    18 | D        | Noticed a meat berserker
    18 | D        | Killed a meat berserker
    18 | D        | Killed a bag of meat
    18 | D        | Acquired Makhleb's fourth power
    18 | D        | Reached XP level 17. HP: 200/205 MP: 17/17
    19 | D        | Noticed a bag of meat
    19 | D        | Killed a bag of meat
    19 | D        | Killed a bag of meat
    19 | D        | Reached skill level 27 in Fighting
    20 | D        | Noticed a meat berserker
    21 | D        | Noticed a bag of meat
    22 | D        | Killed a bag of meat
    22 | D        | Acquired Makhleb's fifth power
    22 | D        | Reached skill level 27 in Throwing
    23 | D        | Killed a meat berserker
    23 | D        | Gained mutation: You passively map a large area around you. [Deep Dwarf growth]
    23 | D        | Reached XP level 18. HP: 218/218 MP: 17/29
    25 | D        | Noticed a bag of meat
    25 | D        | Killed a meat berserker
    25 | D        | Reached skill level 15 in Stealth
    25 | D        | Reached skill level 10 in Spellcasting
    26 | D        | Noticed a meat berserker
    26 | D        | Killed a bag of meat
    26 | D        | Reached XP level 19. HP: 226/226 MP: 17/34
    29 | D        | Noticed a destroyer
    29 | D        | Killed a meat berserker
    29 | D        | Killed a bag of meat
    29 | D        | Reached skill level 15 in Unarmed Combat
    31 | D        | Noticed a bag of meat
    32 | D        | Killed a bag of meat
    34 | D        | Killed a destroyer
    34 | D        | Reached XP level 20. HP: 236/236 MP: 19/40
    35 | D        | Noticed a bag of meat
    37 | D        | Noticed a meat berserker
    38 | D        | Noticed a bag of meat
    38 | D        | Noticed a bag of meat
    38 | D        | Killed a bag of meat
    40 | D        | Noticed a bag of meat
    41 | D        | Noticed a destroyer
    41 | D        | Killed a meat berserker
    42 | D        | Noticed a destroyer
    43 | D        | Noticed a meat berserker
    43 | D        | Noticed a sculptor of flesh
    44 | D        | Noticed a bag of meat
    44 | D        | Noticed a meat berserker
    44 | D        | Killed a sculptor of flesh
    44 | D        | Killed a bag of meat
    44 | D        | Reached skill level 27 in Stealth
    44 | D        | Reached XP level 21. HP: 244/244 MP: 21/44
    45 | D        | Killed a meat berserker
    45 | D        | Reached skill level 27 in Invocations
    45 | D        | Reached skill level 27 in Evocations
    46 | D        | Noticed a destroyer
    46 | D        | Killed a bag of meat
    47 | D        | Noticed a destroyer
    47 | D        | Noticed a large bag of meat
    47 | D        | Killed a destroyer
    47 | D        | Reached skill level 27 in Armour
    48 | D        | Noticed a meat berserker
    48 | D        | Noticed a meat berserker
    48 | D        | Killed a bag of meat
    48 | D        | Reached skill level 27 in Unarmed Combat
    48 | D        | Reached XP level 22. HP: 254/254 MP: 22/51
    49 | D        | Noticed an accursed
    49 | D        | Killed a destroyer
    49 | D        | Reached skill level 27 in Spellcasting
    49 | D        | Killed a meat berserker
    49 | D        | Killed a destroyer
    49 | D        | Reached XP level 23. HP: 262/262 MP: 22/54
    50 | D        | Killed a bag of meat
    51 | D        | Noticed a bag of meat
    51 | D        | Noticed a bag of meat
    52 | D        | Noticed a bag of meat
    52 | D        | Noticed a destroyer
    53 | D        | Noticed a bag of meat
    53 | D        | Noticed a bag of meat
    53 | D        | Killed a meat berserker
    54 | D        | Noticed a large bag of meat
    54 | D        | Noticed an accursed
    54 | D        | Killed a meat berserker
    54 | D        | Killed a bag of meat
    55 | D        | Noticed a bag of meat
    55 | D        | Killed a destroyer
    55 | D        | Reached XP level 24. HP: 272/272 MP: 24/54
    56 | D        | Noticed a bag of meat
    56 | D        | Noticed a destroyer
    56 | D        | Noticed an accursed
    57 | D        | Noticed a bag of meat
    57 | D        | Noticed a destroyer
    57 | D        | Killed a large bag of meat
    57 | D        | Killed an accursed
    58 | D        | Noticed a destroyer
    59 | D        | Noticed an accursed
    59 | D        | Noticed a meat berserker
    59 | D        | Killed a destroyer
    59 | D        | Reached XP level 25. HP: 279/279 MP: 25/54
    59 | D        | Killed a bag of meat
    59 | D        | Killed a bag of meat
    59 | D        | Killed a destroyer
    60 | D        | Noticed a meat berserker
    61 | D        | Killed a destroyer
    61 | D        | Reached XP level 26. HP: 278/289 MP: 26/54
    61 | D        | Killed a large bag of meat
    61 | D        | Killed an accursed
    62 | D        | Noticed a destroyer
    62 | D        | Noticed a tyrant
    62 | D        | Killed a meat berserker
    62 | D        | Killed a bag of meat
    63 | D        | Noticed a meat berserker
    63 | D        | Killed a meat berserker
    64 | D        | Noticed a meat berserker
    64 | D        | Killed a bag of meat
    64 | D        | Reached XP level 27. HP: 296/296 MP: 26/54
    64 | D        | Killed a destroyer
    64 | D        | Killed a meat berserker
    65 | D        | Noticed a bag of meat
    65 | D        | Noticed a sculptor of flesh
    65 | D        | Killed a bag of meat
    66 | D        | Noticed a meat berserker
    67 | D        | Noticed a bag of meat
    67 | D        | Killed a destroyer
    67 | D        | Killed a bag of meat
    68 | D        | Noticed a bag of meat
    68 | D        | Noticed a destroyer
    68 | D        | Killed a meat berserker
    69 | D        | Killed an accursed
    69 | D        | Killed a bag of meat
    70 | D        | Noticed an eight-headed meat hydra
    70 | D        | Noticed The Captor
    70 | D        | Killed a meat berserker
    71 | D        | Noticed a meat berserker
    71 | D        | Killed a bag of meat
    71 | D        | Killed an accursed
    72 | D        | Killed a tyrant
    72 | D        | Killed a bag of meat
    73 | D        | Noticed a meat berserker
    73 | D        | Noticed a bag of meat
    74 | D        | Noticed a bag of meat
    74 | D        | Noticed a meat berserker
    75 | D        | Killed a meat berserker
    75 | D        | Killed a destroyer
    76 | D        | Noticed a meat beast
    76 | D        | Killed a meat beast
    77 | D        | Noticed a destroyer
    77 | D        | Killed a meat berserker
    77 | D        | Killed a meat berserker
    79 | D        | Noticed a meat berserker
    79 | D        | Noticed a bag of meat
    79 | D        | Killed a destroyer
    80 | D        | Killed a bag of meat
    80 | D        | Killed a sculptor of flesh
    81 | D        | Killed a meat berserker
    84 | D        | Killed The Captor
    84 | D        | Killed a bag of meat
    85 | D        | Killed a bag of meat
    85 | D        | Killed a nine-headed meat hydra
    88 | D        | Noticed a destroyer
    89 | D        | Killed a wretched soul
    89 | D        | Killed a wretched soul
    90 | D        | Killed a wretched soul
    91 | D        | Noticed a bag of meat
    94 | D        | Killed a destroyer
    96 | D        | Noticed a meat berserker
    98 | D        | Noticed a meat berserker
    99 | D        | Noticed a tyrant
   100 | D        | Noticed a bag of meat
   100 | D        | Noticed a dread
   100 | D        | Noticed The Defiler
   100 | D        | Killed a meat berserker
   101 | D        | Killed a bag of meat
   103 | D        | Killed a meat berserker
   103 | D        | Killed an observer
   105 | D        | Noticed a bag of meat
   105 | D        | Noticed an accursed
   106 | D        | Killed a bag of meat
   107 | D        | Killed a bag of meat
   109 | D        | Killed from afar by The Defiler

Vault maps used:
D:        meatsprint

Action                   |  1- 3 |  4- 6 |  7- 9 | 10-12 | 13-15 | 16-18 | 19-21 | 22-24 | 25-27 || total
-------------------------+-------+-------+-------+-------+-------+-------+-------+-------+-------++-------
Melee: Executioner's axe |     1 |       |       |     1 |     3 |     6 |    10 |     7 |    28 ||    56
